 Dungeon Sprint DCSS version 0.27-a0-1331-g60ef6b6952 (webtiles) character file.

Game seed: 14128797489722977372

9548 Conn the Scorcher (level 11, -22/64 HPs)
             Began as an Octopode Fire Elementalist on June 25, 2021.
             Was a High Priest of Sif Muna.
             Annihilated by a lorocyproca (25 damage)
             ... in the Dungeon (Sprint I: "Red Sonja").
             The game lasted 00:30:28 (3319 turns).

Conn the Scorcher (Octopode Fire Elementalist)      Turns: 3319, Time: 00:30:28

Health: -22/64     AC:  1    Str: 12    XL:     11   Next: 48%
Magic:  1/31       EV: 15    Int: 21    God:    Sif Muna [*****.]
Gold:   1071       SH:  0    Dex: 13    Spells: 2/38 levels left

rFire    + . .     SeeInvis .   c - +1 spear of the Slicing Dove {vamp, rElec rF+ Str+5}
rCold    . . .     Faith    .   (no shield)
rNeg     . . .     Spirit   .   (helmet restricted)
rPois    .         Reflect  .   (no amulet)
rElec    +         Harm     .   (no ring)
rCorr    .         Rampage  .   (no ring)
Will     .....     Rnd*Rage +   (no ring) Stlth ++++......NoTele +
                                (no ring)
HPRegen  0.20/turn              (no ring)
MPRegen  0.22/turn              (no ring)
                                (no ring)
                                (no ring)

@: no status effects
A: almost no armour, amphibious, 8 rings, camouflage 1, gelatinous body 1,
(nimble swimmer 1), tentacles, berserk 1, high mp 1
a: Renounce Religion, Channel Magic, Forget Spell, Divine Exegesis


You were in the Dungeon.
You worshipped Sif Muna.
Sif Muna was extremely pleased with you.
You visited 1 branch You collected 1937 gold pieces.
You spent 866 gold pieces at shops.

Inventory:

Hand Weapons
 a - a +0 dagger
 b - a +2 scythe of venom
 c - the +1 spear of the Slicing Dove (weapon) {vamp, rElec rF+ Str+5}
   (You bought it in a shop in the Dungeon)

   It inflicts no extra harm, but heals its wielder when it wounds a living foe.
   It affects your strength (+5).
   It protects you from fire.
   It insulates you from electricity.
 h - a +1 short sword of distortion
Missiles
 g - 2 curare-tipped darts (quivered)
Armour
 m - a +2 buckler of reflection
Wands
 k - a wand of flame (12)
 n - a wand of acid (6)
Scrolls
 j - a scroll of magic mapping {unknown}
Potions
 e - a potion of berserk rage
 i - 2 potions of curing
Miscellaneous
 l - a phantom mirror


   Skills:
 + Level 2.2 Fighting
 + Level 2.8 Polearms
 + Level 1.0 Throwing
 + Level 5.7 Dodging
 + Level 5.8 Stealth
 * Level 3.9 Shields
 * Level 14.0 Spellcasting
 * Level 11.6 Conjurations
 * Level 3.3 Summonings
 + Level 0.5 Translocations
 * Level 16.9 Fire Magic
 * Level 1.2 Air Magic
 * Level 2.0 Invocations


You had 2 spell levels left.
You knew the following spells:

 Your Spells              Type           Power      Damage    Failure   Level
a - Foxfire               Conj/Fire      100%       2x1d9     0%          1
b - Conjure Flame         Conj/Fire      65%        6-21      1%          3
c - Inner Flame           Hex/Fire       50%        N/A       1%          3
d - Sticky Flame          Conj/Fire      65%        2d8       1%          4
e - Fireball              Conj/Fire      32%        3d14      1%          5
f - Blink                 Tloc           N/A        N/A       5%          2
g - Call Imp              Summ           28%        N/A       1%          2
h - Mephitic Cloud        Conj/Pois/Air  32%        N/A       2%          3
i - Call Canine Familiar  Summ           28%        N/A       3%          3
j - Starburst             Conj/Fire      32%        8x6d10    1%          6
k - Iskenderun's Mystic   Conj/Tloc      40%        2d9       3%          4

Your spell library contained the following spells:

 Spells                   Type           Power      Damage    Failure   Level
 Magic Dart               Conj           100%       1d8       1%          1
 Corona                   Hex            15%        N/A       4%          1
 Pain                     Necr           56%        1d6       4%          1
 Slow                     Hex            14%        N/A       6%          2
 Hailstorm                Conj/Ice       39%        3d9       4%          4
 Lightning Bolt           Conj/Air       20%        1d35      9%          5
 Portal Projectile        Hex/Tloc       30%        N/A       12%         3
 Vampiric Draining        Necr           7%         2d7       13%         3
 Animate Dead             Necr           7%         N/A       38%         4
 Cause Fear               Hex            7%         N/A       38%         4
 Petrify                  Tmut/Erth      14%        N/A       38%         4
 Conjure Ball Lightning   Conj/Air       20%        3x3d6     43%         6
 Silence                  Hex/Air        8%         N/A       67%         5
 Yara's Violent Unravell  Hex/Tmut       7%         3d5       75%         5
 Spellforged Servitor     Conj/Summ      23%        N/A       86%         7
 Haunt                    Necr/Summ      10%        N/A       100%        7
 Discord                  Hex            7%         N/A       100%        8
 Death's Door             Necr           7%         N/A       100%        9


Dungeon Overview and Level Annotations

Branches:
Dungeon (1/1)

Altars:
Cheibriados
Dithmenos
Elyvilon
Fedhas
Gozag
Hepliaklqana
Kikubaaqudgha
Makhleb
Nemelex Xobeh
Okawaru
Qazlal
Ru
Sif Muna
Trog
Uskayaw
Vehumet
Wu Jian
Xom
Yredelemnul
Zin
The Shining One
Jiyva
Lugonu

Shops:
D (?[(*(([(([:?([*[[[[(


Innate Abilities, Weirdness & Mutations

You cannot wear most types of armour.
You are amphibious.
You can wear up to eight rings at the same time.
Your skin changes colour to match your surroundings (Stealth+).
Your rubbery body absorbs attacks. (AC +1, EV +1)
((You are camouflaged near water. (Stealth+)))
You have tentacles for arms and can constrict up to eight enemies at once.
You tend to lose your temper in combat.
You have an increased reservoir of magic. (+10% MP)


Message History

Casting: Blink (safe; 5% risk of failure)
Confirm with . or Enter, or press ? or * to list all spells.
Aiming: Fireball (dangerous; 1% risk of failure)
Press: ? - help, Shift-Dir - straight line
Aim: Disturbance (purple smoke)
The fireball explodes!
The fireball engulfs something!
Casting: Fireball (dangerous; 1% risk of failure)
Confirm with . or Enter, or press ? or * to list all spells.
Okay, then.
Unknown command.
Casting: Fireball (dangerous; 1% risk of failure)
Confirm with . or Enter, or press ? or * to list all spells.
You erupt in a blast of force!
The mystic blast hits something.
Casting: Iskenderun's Mystic Blast (dangerous; 3% risk of failure)
Confirm with . or Enter, or press ? or * to list all spells.
Okay, then.
Aiming: Corrosive Bolt
Press: ? - help, Shift-Dir - straight line
Aim: Disturbance (purple smoke)
The bolt of acid hits something but does no damage.
Aiming: Corrosive Bolt
Press: ? - help, Shift-Dir - straight line
Aim: Disturbance (purple smoke)
Casting: Iskenderun's Mystic Blast (dangerous; 3% risk of failure)
Confirm with . or Enter, or press ? or * to list all spells.
You erupt in a blast of force!
The mystic blast hits something!
Okay, then.
Okay, then.
You fail to use your ability.
Okay, then.
Okay, then.
Aiming: Corrosive Bolt
Press: ? - help, Shift-Dir - straight line
Okay, then.
Okay, then.
Aiming: Corrosive Bolt
Press: ? - help, Shift-Dir - straight line The bolt of acid hits something!
The acid corrodes something!
Something hits you!!
You die...

###########################
..#..'..#__#..')).#[)#§§§.+
..'..#..'..'..#.@{##'#§####
#'#####'#__####...'.§#§# ##
..#...#(####.§#####§.§§#+#$###
###..##.#≈≈§§)#..##§####^.$#y#
__##'#_§§§≈§§.§..#.^°^^#..$###
...'..._#≈≈§.§#..#..○^^'○.$$$#
__##_.#'##'#####'###.).#○....#
__###'#.#§().###.'.#.^^###++##
#####.####'###[###.#.°##


There were no monsters in sight!

Vanquished Creatures
  2 centaur warriors (D)
  Sonja (D)
  A deep troll (D)
  A lindwurm (D)
  A shining eye (D)
  An oklob plant (D)
  A gargoyle (D)
  2 kobold demonologists (D)
  2 unseen horrors (D)
  3 demonic crawlers (D)
  A hornet (D)
  A slime creature (D)
  2 redbacks (D)
  A yak (D)
  Sigmund (D)
  3 floating eyes (D)
  An ogre (D)
  7 necrophages (D)
  8 jellies (D)
  Ijyb (D)
41 creatures vanquished.

Vanquished Creatures (collateral kills)
  7 shining eyes (D)
  3 floating eyes (D)
10 creatures vanquished.

Vanquished Creatures (others)
  2 ballistomycete spores (D)
  49 foxfires (D)
51 creatures vanquished.

Grand Total: 102 creatures vanquished

Notes
Turn   | Place    | Note
-------+----------+-------------------------------------------
     0 | D        | Conn the Octopode Fire Elementalist began the quest for the
                  | Orb.
     0 | D        | Reached XP level 1. HP: 11/11 MP: 3/3
     2 | D        | Noticed Ijyb
    18 | D        | Killed Ijyb
    19 | D        | Reached skill level 5 in Fire Magic
    19 | D        | Reached XP level 2. HP: 13/17 MP: 3/6
    19 | D        | Reached XP level 3. HP: 16/21 MP: 3/7
   102 | D        | Noticed an ogre
   117 | D        | Killed an ogre
   118 | D        | Reached skill level 7 in Fire Magic
   118 | D        | Reached XP level 4. HP: 27/27 MP: 3/10
   129 | D        | Noticed Sigmund
   154 | D        | Killed Sigmund
   155 | D        | Reached skill level 5 in Spellcasting
   155 | D        | Reached skill level 9 in Fire Magic
   155 | D        | Reached XP level 5. HP: 26/32 MP: 2/13
   155 | D        | Reached XP level 6. HP: 30/37 MP: 2/14
   246 | D        | Learned a level 3 spell: Conjure Flame
   250 | D        | Learned a level 3 spell: Inner Flame
   255 | D        | Learned a level 4 spell: Sticky Flame
   261 | D        | Learned a level 5 spell: Fireball
   273 | D        | Found an ornate altar of the Wu Jian Council.
   273 | D        | Found a shimmering blue altar of Sif Muna.
   312 | D        | Found a radiant altar of Vehumet.
   317 | D        | Became a worshipper of Sif Muna the Loreminder
   339 | D        | Found Anedujec's Antique Weapon Emporium.
   339 | D        | Found an ancient bone altar of Kikubaaqudgha.
   339 | D        | Found a hazy altar of Hepliaklqana.
   339 | D        | Found a stormy altar of Qazlal.
   339 | D        | Found a hide-covered altar of Uskayaw.
   339 | D        | Found a blossoming altar of Fedhas.
   339 | D        | Found a bloodstained altar of Trog.
   339 | D        | Found an iron altar of Okawaru.
   339 | D        | Found a basalt altar of Yredelemnul.
   339 | D        | Found a glowing golden altar of the Shining One.
   339 | D        | Found a snail-covered altar of Cheibriados.
   339 | D        | Found a sacrificial altar of Ru.
   339 | D        | Found a glowing silver altar of Zin.
   339 | D        | Found a shadowy altar of Dithmenos.
   339 | D        | Found a white marble altar of Elyvilon.
   339 | D        | Noticed a yak
   356 | D        | Killed a yak
   357 | D        | Reached skill level 5 in Conjurations
   357 | D        | Reached skill level 10 in Fire Magic
   357 | D        | Reached XP level 7. HP: 42/42 MP: 7/17
   425 | D        | Found an opulent altar of Gozag.
   426 | D        | Found a sparkling altar of Nemelex Xobeh.
   430 | D        | Bought a jewelled spear for 168 gold pieces
   430 | D        | Identified the +1 spear of the Slicing Dove {vamp, rElec
                  | rF+ Str+5} (You bought it in a shop in the Dungeon)
   437 | D        | Noticed Sonja
   445 | D        | Found a burning altar of Makhleb.
   445 | D        | Found a viscous altar of Jiyva.
   445 | D        | Found a shimmering altar of Xom.
   445 | D        | Found a corrupted altar of Lugonu.
   445 | D        | Noticed a slime creature
   459 | D        | Killed a slime creature
   460 | D        | Reached skill level 5 in Stealth
   460 | D        | Reached skill level 11 in Fire Magic
   623 | D        | Killed Sonja
   623 | D        | Reached * piety under Sif Muna
   624 | D        | Reached skill level 12 in Fire Magic
   624 | D        | Reached XP level 8. HP: 47/47 MP: 8/20
   745 | D        | Found Noewam's Antique Weapon Boutique.
   765 | D        | Noticed a deep troll
   785 | D        | Killed a deep troll
   786 | D        | Reached skill level 5 in Dodging
   786 | D        | Reached skill level 13 in Fire Magic
   786 | D        | Reached XP level 9. HP: 52/52 MP: 4/22
   896 | D        | Found Otuzaobu's Armour Emporium.
   935 | D        | Noticed a kobold demonologist
   936 | D        | Noticed a kobold demonologist
   938 | D        | Killed a kobold demonologist
   938 | D        | Reached ** piety under Sif Muna
   938 | D        | Killed a kobold demonologist
   939 | D        | Reached skill level 1 in Fighting
   939 | D        | Reached skill level 10 in Spellcasting
   939 | D        | Reached skill level 14 in Fire Magic
  1045 | D        | Noticed a centaur warrior
  1047 | D        | Noticed a centaur warrior
  1048 | D        | Killed a centaur warrior
  1049 | D        | Killed a centaur warrior
  1050 | D        | Reached skill level 1 in Polearms
  1050 | D        | Reached skill level 15 in Fire Magic
  1050 | D        | Reached XP level 10. HP: 58/58 MP: 3/25
  1171 | D        | Reached *** piety under Sif Muna
  1250 | D        | Noticed an oklob plant
  1253 | D        | Killed an oklob plant
  1254 | D        | Reached skill level 10 in Conjurations
  1400 | D        | Noticed an unseen horror
  1401 | D        | Noticed an unseen horror
  1406 | D        | Killed an unseen horror
  1406 | D        | Reached **** piety under Sif Muna
  1406 | D        | Killed an unseen horror
  1407 | D        | Reached skill level 16 in Fire Magic
  1522 | D        | Reached ***** piety under Sif Muna
  1522 | D        | Identified Ziq Hiss's Collected Works on the Fiery Escort
                  | (Sif Muna gifted it to you in the Dungeon)
  1522 | D        | Received a gift from Sif Muna
  1540 | D        | Reached skill level 1 in Throwing
  1548 | D        | Identified Sif Muna's Catalogue of Black Magic and
                  | Malediction (Sif Muna gifted it to you in the Dungeon)
  1548 | D        | Received a gift from Sif Muna
  1774 | D        | Paralysed by a floating eye for 4 turns
  1803 | D        | Found Xeas's Antique Armour Shoppe.
  1803 | D        | Found Panu Dene's Antique Weapon Shop.
  1803 | D        | Found Doawuola's Antique Weapon Boutique.
  1805 | D        | Found Ecoebix's Weapon Emporium.
  1805 | D        | Found Vecs's Antique Armour Shop.
  1805 | D        | Found Cannuasu's Book Shoppe.
  1805 | D        | Found Woupong's Magic Scroll Boutique.
  1805 | D        | Found Fath's Antique Weapon Emporium.
  1805 | D        | Found Qowkuati's Armour Shop.
  1805 | D        | Found Zuon Veone's General Store.
  1809 | D        | Found Naozos's Armour Boutique.
  1810 | D        | Found Fuibb's Antique Armour Emporium.
  1810 | D        | Found Leosint Saot's Antique Armour Boutique.
  1811 | D        | Bought a shiny buckler for 150 gold pieces
  1811 | D        | Found Jujique's Antique Weapon Emporium.
  1838 | D        | Bought a wand of acid (10) for 308 gold pieces
  1842 | D        | Bought a book of Minor Magic for 220 gold pieces
  1845 | D        | Learned a level 2 spell: Blink
  1848 | D        | Learned a level 2 spell: Call Imp
  1852 | D        | Learned a level 3 spell: Mephitic Cloud
  1856 | D        | Learned a level 3 spell: Call Canine Familiar
  1863 | D        | Learned a level 6 spell: Starburst
  1914 | D        | Noticed a shining eye
  1914 | D        | Noticed a shining eye
  1914 | D        | Noticed a shining eye
  1916 | D        | Noticed a shining eye
  1917 | D        | Gained mutation: You are clumsy. (Dex -2) [a shining eye]
  1922 | D        | Paralysed by a floating eye for 4 turns
  1928 | D        | Paralysed by a floating eye for 4 turns
  1937 | D        | Noticed a shining eye
  1955 | D        | Killed a shining eye
  1956 | D        | Reached skill level 1 in Shields
  1962 | D        | Paralysed by a floating eye for 2 turns
  1967 | D        | Paralysed by a floating eye for 3 turns
  1976 | D        | Paralysed by a floating eye for 4 turns
  1984 | D        | Paralysed by a floating eye for 2 turns
  1990 | D        | Paralysed by a floating eye for 3 turns
  1997 | D        | Paralysed by a floating eye for 2 turns
  2004 | D        | Paralysed by a floating eye for 3 turns
  2010 | D        | Killed a shining eye
  2011 | D        | Reached XP level 11. HP: 63/63 MP: 18/27
  2012 | D        | Paralysed by a floating eye for 4 turns
  2028 | D        | Noticed a shining eye
  2029 | D        | Killed a shining eye
  2029 | D        | Identified Semun's Disquisition on Doomed Combat Magic (Sif
                  | Muna gifted it to you in the Dungeon)
  2029 | D        | Received a gift from Sif Muna
  2030 | D        | Reached skill level 1 in Summonings
  2044 | D        | Killed a shining eye
  2058 | D        | Killed a shining eye
  2082 | D        | Gained mutation: You are frail. (-10% HP) [a shining eye]
  2083 | D        | Killed a shining eye
  2187 | D        | Paralysed by a floating eye for 3 turns
  2195 | D        | Noticed a shining eye
  2195 | D        | Noticed a shining eye
  2207 | D        | Killed a shining eye
  2223 | D        | Killed a shining eye
  2227 | D        | Found Taamat's Assorted Antiques.
  2227 | D        | Found Vaut's Magic Scroll Shoppe.
  2227 | D        | Found Epna Ime's Antique Weapon Boutique.
  2227 | D        | Found Ihugh's Armour Emporium.
  2246 | D        | Bought a sapphire potion for 20 gold pieces
  2246 | D        | Lost mutation: You are frail. (-10% HP) [potion of
                  | mutation]
  2246 | D        | Lost mutation: You are clumsy. (Dex -2) [potion of
                  | mutation]
  2246 | D        | Gained mutation: You tend to lose your temper in combat.
                  | [potion of mutation]
  2246 | D        | Gained mutation: You have an increased reservoir of magic.
                  | (+10% MP) [potion of mutation]
  2314 | D        | Learned a level 4 spell: Iskenderun's Mystic Blast
  2321 | D        | Identified Sif Muna's Compendium of Destructive Moulding
                  | (Sif Muna gifted it to you in the Dungeon)
  2321 | D        | Received a gift from Sif Muna
  2601 | D        | Reached skill level 1 in Invocations
  3165 | D        | Noticed a lindwurm
  3168 | D        | Killed a lindwurm
  3254 | D        | Reached skill level 1 in Air Magic
  3310 | D        | HP: 2/64 [something (37)]
  3319 | D        | Annihilated by a lorocyproca

Illustrated notes

Levels and vault maps discovered:
D:        dungeon_sprint_1 [red_sonja_temple_1, red_sonja_temple_small_1]

Skill      XL: |  1  2  3  4  5  6  7  8  9 10 11 |
---------------+----------------------------------+-----
Stealth        | 3 4 5 |  5.8
Spellcasting   | 3 4 5 6 8 9 11 12 14 | 14.0
Conjurations   | 2 3 4 5 6 7 9 11 | 11.6
Fire Magic     | 5 7 9 10 12 13 15 16 | 16.9
Dodging        | 3 4 5 |  5.7
Fighting       | 1 2 |  2.2
Polearms       | 1 2 |  2.8
Throwing       | 1 |  1.0
Shields        | 1 3 |  3.9
Summonings     | 3 |  3.3
Invocations    | 2 |  2.0
Air Magic      | 1 |  1.2
Translocations | |  0.5

Action                   |  1- 3 |  4- 6 |  7- 9 | 10-12 || total
-------------------------+-------+-------+-------+-------++-------
Melee: Unarmed           |     9 |       |       |       ||     9
       Tentacles         |     2 |       |       |     1 ||     3
       Constrict         |     1 |       |       |     4 ||     5
       Spear             |       |       |     6 |    18 ||    24
Throw: Dart              |       |       |     1 |       ||     1
 Cast: Foxfire           |     6 |    12 |     6 |     1 ||    25
       Conjure Flame     |       |     2 |     2 |     1 ||     5
       Fireball          |       |       |    11 |    23 ||    34
       Sticky Flame      |       |       |     1 |     5 ||     6
       Call Imp          |       |       |       |    23 ||    23
       Call Canine Famil |       |       |       |     5 ||     5
       Iskenderun's Myst |       |       |       |    13 ||    13
       Starburst         |       |       |       |     9 ||     9
       Blink             |       |       |       |     4 ||     4
Invok: Channel Magic     |       |       |       |     1 ||     1
Evoke: Wand              |       |       |       |     4 ||     4
  Use: Potion            |     3 |       |       |     3 ||     6
       Scroll            |       |       |       |     1 ||     1
Armor: Skin              |     2 |       |       |     1 ||     3
Dodge: Dodged            |     4 |     3 |     1 |    22 ||    30

Table legend: (Time is in decaauts)
 A = Elapsed time spent in this place.
 B = Non-inter-level travel time spent in this place.
 C = Inter-level travel time spent in this place.
 D = Time resting spent in this place.
 E = Time spent auto-exploring this place.
 F = Levels seen in this place.
 G = Mean time per level.
                   A        B        C        D        E       F      G
               +--------+--------+--------+--------+--------+-----+--------+
         Total |   3301 |   3301 |      0 |   1863 |      0 |   1 | 3301.0 |
       Dungeon |   3301 |   3301 |      0 |   1863 |      0 |   1 | 3301.0 |
               +--------+--------+--------+--------+--------+-----+--------+

Top non-repeatable levels by time:
       D: 3301 daAuts
